Map: Dusk Towers

Players

BLoodAngel

  • Race: Terran Terran
  • League: Diamond

A.I. 1 (Elite) - Winner!

  • Race: Terran Terran

VOD

Have the link to the VOD?

Description

only private xD

Time

  • Played on: March 31, 2016, 12:56 p.m.
  • Length: 5:51
Show
View Real Time Build Order
Export as new Build Order

BLoodAngel Terran 

Build Orders: Liberator Opening 

Get SALT Encoding   

  12  0:01  SCV  
  13  0:13  SCV  
  14  0:17  Supply Depot  
  14  0:25  SCV  
  15  0:39  Barracks, SCV  
  16  0:51  SCV  
  17  0:58  Refinery  
  17  1:02  Refinery  
  17  1:03  SCV  
  18  1:15  SCV  
  18  1:16  Supply Depot  
  19  1:28  Orbital Command  
  19  1:41  Barracks Reactor  
  19  1:53  SCV  
  20  2:02  Factory  
  20  2:05  SCV  
  21  2:15  Command Center  
  21  2:19  SCV  
  22  2:23  Marine  
  22  2:24  Marine  
  24  2:31  SCV  
  25  2:41  Marine  
  25  2:42  Marine, Supply Depot  
  28  2:49  Starport  
  27  2:53  Factory Reactor  
  27  2:55  SCV  
  28  3:07  Armory  
  28  3:08  SCV  
  29  3:20  SCV  
  30  3:36  Barracks  
  30  3:38  SCV  
  30  3:40  Orbital Command  
  31  3:42  Medivac x2  
  31  3:45  Hellion  
  37  3:50  Hellion  
  37  3:55  Liberator, SCV  
  40  3:57  Barracks Tech Lab  
  40  4:07  Hellion, SCV  
  43  4:15  SCV  
  47  4:19  SCV  
  47  4:23  Barracks Tech Lab  
  48  4:27  SCV  
  49  4:31  SCV  
  49  4:32  Supply Depot x2  
  52  4:45  SCV x2  
  52  4:57  SCV x2  
  54  5:04  Marine x2  
  56  5:09  SCV x2  
  56  5:11  Command Center  
  58  5:21  Marine, SCV x2  
  58  5:22  Marine  
  62  5:31  Engineering Bay  
  62  5:33  Engineering Bay  
Show
View Real Time Build Order
Export as new Build Order

A.I. 1 (Elite) Terran - Winner!

Build Orders:  

Get SALT Encoding   

  12  0:00  SCV  
  13  0:13  SCV  
  14  0:19  Supply Depot  
  14  0:25  SCV  
  15  0:40  SCV  
  16  0:52  SCV  
  16  0:57  Refinery  
  17  0:59  Barracks  
  17  1:04  SCV  
  18  1:17  SCV  
  19  1:25  Command Center  
  19  1:35  Supply Depot  
  19  1:38  SCV  
  20  1:46  Marine  
  21  2:01  Factory  
  21  2:08  Barracks  
  21  2:09  SCV  
  21  2:13  Marine  
  23  2:21  SCV  
  24  2:28  Supply Depot  
  24  2:33  Marine  
  24  2:34  SCV  
  26  2:43  SCV  
  27  2:46  Factory Tech Lab  
  27  2:51  Marine, SCV  
  29  3:01  Orbital Command  
  29  3:06  Refinery  
  29  3:12  Orbital Command  
  29  3:14  Marine  
  29  3:17  Marine  
  31  3:26  SCV  
  32  3:32  Marine  
  33  3:35  Marine  
  33  3:38  SCV x2  
  36  3:46  Barracks  
  36  3:50  Marine, SCV x2  
  36  3:53  Barracks Tech Lab  
  39  3:59  Starport  
  39  4:02  SCV x2  
  41  4:09  Barracks Tech Lab  
  41  4:11  Marine  
  41  4:14  SCV x2  
  44  4:22  Supply Depot  
  44  4:26  SCV  
  44  4:27  Marine, Combat Shields, SCV  
  44  4:29  Marine  
  48  4:33  Marine  
  48  4:36  Medivac  
  51  4:39  SCV  
  51  4:41  SCV  
  51  4:45  Marine  
  54  4:46  Supply Depot  
  54  4:47  Marine  
  54  4:49  Supply Depot  
  54  4:51  Marine, SCV  
  57  4:57  SCV  
  58  5:03  Marauder, SCV  
  61  5:08  Marauder  
  61  5:09  Marine, SCV  
  61  5:11  Refinery  
  65  5:15  SCV  
  65  5:18  Refinery  
  66  5:22  SCV  
  66  5:24  Marauder  
  66  5:25  Engineering Bay  
  66  5:27  SCV  
  66  5:28  Barracks Reactor  
  70  5:29  Marauder  
  70  5:32  Supply Depot  
  70  5:34  SCV  
  70  5:36  Command Center  
Tags
 
Add a new tag
Caveats
  • Supply blocks, unpowered buildings, or Contaminate may cause inaccurate times.
  • Supply counts are checked every 10 seconds.